TOP OF THE 1ST |
Port Royal Disaster batting - Pitching for Hamilton Coyotes : RHP King Fletcher
|
Pitching: RHP King Fletcher
|
|
Batting: RHB Manuel Becerra
|
0-0: Foul Ball, location: 2F 0-1: Ball 1-1: Called Strike 1-2: Foul Ball, location: 2F 1-2: Ground out 1-3 (Groundball, 13)
|
Batting: RHB Sergio Martínez
|
0-0: Called Strike 0-1: Ball 1-1: Ball 2-1: Fly out, F6 (Line Drive, 6M)
|
Batting: RHB Martín Méndez
|
0-0: Foul Ball, location: 2F 0-1: Ball 1-1: Ball 2-1: Ground out 1-3 (Groundball, 15)
|
Top of the 1st over - 0 run(s), 0 hit(s), 0 error(s), 0 left on base; Port Royal 0 - Hamilton 0 |
BOTTOM OF THE 1ST |
Hamilton Coyotes batting - Pitching for Port Royal Disaster : RHP Dennis Brown
|
Pitching: RHP Dennis Brown
|
|
Batting: RHB Anthony Trujillo
|
0-0: Called Strike 0-1: Ball 1-1: Ball 2-1: Fly out, F8 (Flyball, 8RM)
|
Batting: RHB Héctor Rojas
|
0-0: Ball 1-0: Ball 2-0: Foul Ball, location: 2F 2-1: Ball 3-1: Foul Ball, location: 2F 3-2: Foul Ball, location: 2F 3-2: Foul Ball, location: 2F 3-2: Fly out, F5 (Popup, 56)
|
Batting: RHB Sam Horton
|
0-0: SINGLE (Line Drive, 78S)
|
Batting: RHB Noel Wells
|
0-0: Swinging Strike 0-1: Foul Ball, location: 2F 0-2: Ball 1-2: Ball 2-2: Foul Ball, location: 2F 2-2: Foul Ball, location: 2F 2-2: Ball 3-2: SINGLE (Line Drive, 6D) Sam Horton to second Sam Horton to third
|
Batting: RHB Paddy Hodnett
|
0-0: Called Strike 0-1: SINGLE (Flyball, 8RS) Sam Horton scores Noel Wells to second
|
Batting: RHB Jon Erickson
|
0-0: Called Strike 0-1: Called Strike 0-2: Strikes out swinging
|
Bottom of the 1st over - 1 run(s), 3 hit(s), 0 error(s), 2 left on base; Port Royal 0 - Hamilton 1 |
TOP OF THE 2ND |
Port Royal Disaster batting - Pitching for Hamilton Coyotes : RHP King Fletcher
|
Batting: SHB Arsenio Sameiro
|
0-0: Ball 1-0: Ball 2-0: Foul Ball, location: 2F 2-1: SINGLE (Groundball, 34D)
|
Batting: RHB Ronnie Cleveland
|
0-0: Called Strike 0-1: Foul Ball, location: 2F 0-2: Ball 1-2: Ball 2-2: Strikes out swinging
|
Batting: RHB David McJannett
|
0-0: Fly out, F8 (Flyball, 8LM)
|
Batting: LHB Davis Mills
|
0-0: Called Strike 0-1: Ball 1-1: Foul Ball, location: 2F 1-2: Strikes out looking and he physically ARGUES THE CALL AND IS TOSSED!
|
Top of the 2nd over - 0 run(s), 1 hit(s), 0 error(s), 1 left on base; Port Royal 0 - Hamilton 1 |
BOTTOM OF THE 2ND |
Hamilton Coyotes batting - Pitching for Port Royal Disaster : RHP Dennis Brown
|
Now in RF: José Martínez
|
|
Batting: RHB Stan Pierce
|
0-0: Swinging Strike 0-1: Ball 1-1: Foul Ball, location: 2F 1-2: Foul Ball, location: 2F 1-2: Foul Ball, location: 2F 1-2: Strikes out swinging
|
Batting: RHB Henry Mann
|
0-0: Ball 1-0: Ball 2-0: Foul Ball, location: 2F 2-1: SINGLE (Line Drive, 9S)
|
Batting: LHB Eric Thackston
|
0-0: Ball 1-0: Ball Henry Mann steals 2nd base 2-0: Fly out, F7 (Flyball, 7)
|
Batting: RHB Anthony Trujillo
|
0-0: Called Strike 0-1: Ball 1-1: Ball 2-1: Ground out 4-3 (Groundball, 4)
|
Bottom of the 2nd over - 0 run(s), 1 hit(s), 0 error(s), 1 left on base; Port Royal 0 - Hamilton 1 |
TOP OF THE 3RD |
Port Royal Disaster batting - Pitching for Hamilton Coyotes : RHP King Fletcher
|
Batting: RHB David Verhoeve
|
0-0: Ball 1-0: Ball 2-0: Swinging Strike 2-1: Called Strike 2-2: Ball 3-2: Ground out U3 (Groundball, 3)
|
Batting: RHB Aurelio García
|
0-0: Called Strike 0-1: Ball 1-1: Fly out, F9 (Flyball, 9LSF)
|
Batting: RHB Manuel Becerra
|
0-0: Ball 1-0: Ball 2-0: Ground out 5-3 (Groundball, 56S)
|
Top of the 3rd over - 0 run(s), 0 hit(s), 0 error(s), 0 left on base; Port Royal 0 - Hamilton 1 |
BOTTOM OF THE 3RD |
Hamilton Coyotes batting - Pitching for Port Royal Disaster : RHP Dennis Brown
|
Batting: RHB Héctor Rojas
|
0-0: Ball 1-0: Foul Ball, location: 2F 1-1: Ball 2-1: Foul Ball, location: 2F 2-2: Strikes out swinging
|
Batting: RHB Sam Horton
|
0-0: Swinging Strike 0-1: Foul Ball, location: 2F 0-2: Ball 1-2: Fly out, F8 (Flyball, 8RS)
|
Batting: RHB Noel Wells
|
0-0: Ball 1-0: Ball 2-0: SINGLE (Line Drive, 89S)
|
Batting: RHB Paddy Hodnett
|
0-0: Fielders Choice at 2nd, 6-4 (Groundball, 6)
|
Bottom of the 3rd over - 0 run(s), 1 hit(s), 0 error(s), 0 left on base; Port Royal 0 - Hamilton 1 |
TOP OF THE 4TH |
Port Royal Disaster batting - Pitching for Hamilton Coyotes : RHP King Fletcher
|
Batting: RHB Sergio Martínez
|
0-0: Called Strike 0-1: Foul Ball, location: 2F 0-2: Ball 1-2: Strikes out swinging
|
Batting: RHB Martín Méndez
|
0-0: Ground out 4-3 (Groundball, 4M)
|
Batting: SHB Arsenio Sameiro
|
0-0: Ball 1-0: Swinging Strike 1-1: Foul Ball, location: 2F 1-2: Ball 2-2: Strikes out swinging
|
Top of the 4th over - 0 run(s), 0 hit(s), 0 error(s), 0 left on base; Port Royal 0 - Hamilton 1 |
BOTTOM OF THE 4TH |
Hamilton Coyotes batting - Pitching for Port Royal Disaster : RHP Dennis Brown
|
Batting: RHB Jon Erickson
|
0-0: Swinging Strike 0-1: Foul Ball, location: 2F 0-2: Ball 1-2: Ball 2-2: Ground out 5-3 (Groundball, 25)
|
Batting: RHB Stan Pierce
|
0-0: Ball 1-0: Ball 2-0: Ball 3-0: Called Strike 3-1: Fly out, F7 (Flyball, 78S)
|
Batting: RHB Henry Mann
|
0-0: Foul Ball, location: 2F 0-1: Foul Ball, location: 2F 0-2: Strikes out looking
|
Bottom of the 4th over - 0 run(s), 0 hit(s), 0 error(s), 0 left on base; Port Royal 0 - Hamilton 1 |
TOP OF THE 5TH |
Port Royal Disaster batting - Pitching for Hamilton Coyotes : RHP King Fletcher
|
Batting: RHB Ronnie Cleveland
|
0-0: Foul Ball, location: 2F 0-1: Ball 1-1: Ball 2-1: SINGLE (Line Drive, 78M)
|
Batting: RHB David McJannett
|
0-0: Ball Ronnie Cleveland steals 2nd base 1-0: Fly out, F5 (Line Drive, 56S)
|
Batting: LHB José Martínez
|
0-0: Called Strike 0-1: Ball 1-1: Foul Ball, location: 2F 1-2: Ball 2-2: Ball 3-2: Foul Ball, location: 2F 3-2: Base on Balls
|
Batting: RHB David Verhoeve
|
0-0: Called Strike 0-1: Ball 1-1: Ground out 5-3 (Groundball, 5S) Ronnie Cleveland to third José Martínez to second
|
Batting: RHB Aurelio García
|
0-0: Foul Ball, location: 2F 0-1: Foul Ball, location: 2F 0-2: SINGLE (Line Drive, 6MD) Ronnie Cleveland scores José Martínez to third Runner from 3rd tries for Home, SAFE, no throw
|
Batting: RHB Manuel Becerra
|
0-0: Called Strike 0-1: Called Strike 0-2: Ball 1-2: Fly out, F8 (Flyball, 8LM)
|
Top of the 5th over - 2 run(s), 2 hit(s), 0 error(s), 1 left on base; Port Royal 2 - Hamilton 1 |
BOTTOM OF THE 5TH |
Hamilton Coyotes batting - Pitching for Port Royal Disaster : RHP Dennis Brown
|
Batting: LHB Eric Thackston
|
0-0: Ball 1-0: Called Strike 1-1: Swinging Strike 1-2: Foul Ball, location: 2F 1-2: Ground out 4-3 (Groundball, 34)
|
Batting: RHB Anthony Trujillo
|
0-0: Ball 1-0: Ball 2-0: Ball 3-0: Base on Balls
|
Batting: RHB Héctor Rojas
|
0-0: Ball 1-0: Ball 2-0: Swinging Strike 2-1: Ball 3-1: Foul Ball, location: 2F 3-2: Strikes out swinging Anthony Trujillo steals 2nd base Batter strikes out.
|
Pitching: RHP Juan Carlos Maestas
|
|
Batting: RHB Sam Horton
|
0-0: Ball 1-0: Ball 2-0: Foul Ball, location: 2F 2-1: Ball 3-1: Foul Ball, location: 2F 3-2: Strikes out looking
|
Bottom of the 5th over - 0 run(s), 0 hit(s), 0 error(s), 1 left on base; Port Royal 2 - Hamilton 1 |
TOP OF THE 6TH |
Port Royal Disaster batting - Pitching for Hamilton Coyotes : RHP King Fletcher
|
Batting: RHB Sergio Martínez
|
0-0: SINGLE (Groundball, 34S) (infield hit)
|
Batting: RHB Martín Méndez
|
0-0: Called Strike 0-1: Ball 1-1: Ball 2-1: Swinging Strike 2-2: Strikes out looking
|
Batting: SHB Arsenio Sameiro
|
0-0: Ball 1-0: Fly out, F8 (Flyball, 8RD)
|
Batting: RHB Ronnie Cleveland
|
0-0: Swinging Strike 0-1: Ball 1-1: Ball 2-1: Foul Ball, location: 2F 2-2: Ball 3-2: Strikes out swinging
|
Top of the 6th over - 0 run(s), 1 hit(s), 0 error(s), 1 left on base; Port Royal 2 - Hamilton 1 |
BOTTOM OF THE 6TH |
Hamilton Coyotes batting - Pitching for Port Royal Disaster : RHP Juan Carlos Maestas
|
Batting: RHB Noel Wells
|
0-0: Ball 1-0: Ball 2-0: Called Strike 2-1: Ball 3-1: Foul Ball, location: 2F 3-2: DOUBLE (Flyball, 9D)
|
Batting: RHB Paddy Hodnett
|
0-0: Foul Ball, location: 2F 0-1: Ball 1-1: Called Strike 1-2: Strikes out swinging
|
Batting: RHB Jon Erickson
|
0-0: Ball 1-0: Foul Ball, location: 2F 1-1: Fly out, F8 (Line Drive, 89M)
|
Batting: RHB Stan Pierce
|
0-0: Called Strike 0-1: Ball 1-1: Fly out, F9 (Flyball, 9)
|
Bottom of the 6th over - 0 run(s), 1 hit(s), 0 error(s), 1 left on base; Port Royal 2 - Hamilton 1 |
TOP OF THE 7TH |
Port Royal Disaster batting - Pitching for Hamilton Coyotes : RHP King Fletcher
|
Batting: RHB David McJannett
|
0-0: Ball 1-0: Foul Ball, location: 2F 1-1: Swinging Strike 1-2: Foul Ball, location: 2F 1-2: Ball 2-2: Foul Ball, location: 2F 2-2: SINGLE (Line Drive, 56D)
|
Batting: LHB José Martínez
|
0-0: Fly out, F6 (Popup, 6)
|
Batting: RHB David Verhoeve
|
0-0: Ball 1-0: Ball 2-0: Called Strike 2-1: Foul Ball, location: 2F 2-2: Fly out, F8 (Flyball, 8RM)
|
Pinch Hitting: RHB Brandon Cooper
|
0-0: Foul Ball, location: 2F 0-1: Ball 1-1: Ball David McJannett is caught stealing 2nd base
|
Top of the 7th over - 0 run(s), 1 hit(s), 0 error(s), 0 left on base; Port Royal 2 - Hamilton 1 |
BOTTOM OF THE 7TH |
Hamilton Coyotes batting - Pitching for Port Royal Disaster : RHP Juan Carlos Maestas
|
Now in LF: Bob Rogers
|
|
Batting: RHB Henry Mann
|
0-0: Ball 1-0: Swinging Strike 1-1: Ball 2-1: Ball 3-1: Base on Balls
|
Batting: LHB Eric Thackston
|
0-0: Swinging Strike 0-1: Called Strike 0-2: Foul Ball, location: 2F 0-2: Strikes out swinging
|
Pinch Hitting: LHB Tony Ríos
|
0-0: Ball 1-0: Ball 2-0: Ground out 5-3 (Groundball, 56S) Henry Mann to second
|
Batting: RHB Héctor Rojas
|
0-0: Called Strike 0-1: Foul Ball, location: 2F 0-2: Foul Ball, location: 2F 0-2: Foul Ball, location: 2F 0-2: Fly out, F3 (Popup, 34)
|
Bottom of the 7th over - 0 run(s), 0 hit(s), 0 error(s), 1 left on base; Port Royal 2 - Hamilton 1 |
TOP OF THE 8TH |
Port Royal Disaster batting - Pitching for Hamilton Coyotes : RHP King Fletcher
|
Now in LF: Tony Ríos
|
|
Batting: SHB Bob Rogers
|
0-0: Ball 1-0: Called Strike 1-1: Called Strike 1-2: Ball 2-2: SINGLE (Groundball, 5S) (infield hit)
|
Batting: RHB Manuel Becerra
|
0-0: Sac Bunt - play at first, batter OUT! 1-4 Bob Rogers to second
|
Batting: RHB Sergio Martínez
|
0-0: Ball 1-0: Swinging Strike 1-1: Fly out, F5 (Popup, 5S)
|
Batting: RHB Martín Méndez
|
0-0: Ball 1-0: Swinging Strike 1-1: Swinging Strike 1-2: Ground out 6-3 (Groundball, 6)
|
Top of the 8th over - 0 run(s), 1 hit(s), 0 error(s), 1 left on base; Port Royal 2 - Hamilton 1 |
BOTTOM OF THE 8TH |
Hamilton Coyotes batting - Pitching for Port Royal Disaster : RHP Juan Carlos Maestas
|
Batting: RHB Sam Horton
|
0-0: Called Strike 0-1: Ball 1-1: Swinging Strike 1-2: Foul Ball, location: 2F 1-2: Foul Ball, location: 2F 1-2: Strikes out swinging
|
Batting: RHB Noel Wells
|
0-0: Ball 1-0: Ball 2-0: Ball 3-0: Base on Balls
|
Batting: RHB Paddy Hodnett
|
0-0: Ball 1-0: Ball 2-0: Ball 3-0: Called Strike 3-1: Base on Balls Noel Wells to second
|
Pitching: LHP António Venegas
|
|
Batting: RHB Jon Erickson
|
0-0: Fly out, F9 (Flyball, 9LS)
|
Batting: RHB Stan Pierce
|
0-0: Ball 1-0: Foul Ball, location: 2F 1-1: Ground out 4-3 (Groundball, 4MS)
|
Bottom of the 8th over - 0 run(s), 0 hit(s), 0 error(s), 2 left on base; Port Royal 2 - Hamilton 1 |
TOP OF THE 9TH |
Port Royal Disaster batting - Pitching for Hamilton Coyotes : RHP King Fletcher
|
Pitching: RHP John Riggleman
|
|
Batting: SHB Arsenio Sameiro
|
0-0: Called Strike 0-1: Swinging Strike 0-2: Fly out, F9 (Flyball, 89XD)
|
Pitching: RHP Jim Unknown
|
|
Batting: RHB Ronnie Cleveland
|
0-0: Called Strike 0-1: Fly out, F7 (Flyball, 78S)
|
Batting: RHB David McJannett
|
0-0: Called Strike 0-1: Ball 1-1: Ball 2-1: Foul Ball, location: 2F 2-2: Ball 3-2: Base on Balls
|
Batting: LHB José Martínez
|
0-0: Called Strike 0-1: Fly out, F7 (Flyball, 78XD)
|
Top of the 9th over - 0 run(s), 0 hit(s), 0 error(s), 1 left on base; Port Royal 2 - Hamilton 1 |
BOTTOM OF THE 9TH |
Hamilton Coyotes batting - Pitching for Port Royal Disaster : LHP António Venegas
|
Pitching: LHP Aukukero Mincarlie Jr.
|
|
Pinch Hitting: RHB Ralph May
|
0-0: Ball 1-0: Ball 2-0: Swinging Strike 2-1: Swinging Strike 2-2: Ball 3-2: Base on Balls
|
Batting: LHB Eric Thackston
|
0-0: Ball 1-0: Ball 2-0: Called Strike 2-1: SINGLE (Line Drive, 8LS) Ralph May to second
|
Batting: LHB Tony Ríos
|
0-0: Sac Bunt - play at first, batter OUT! 1-4 Ralph May to third Eric Thackston to second
|
Batting: RHB Héctor Rojas
|
0-0: Called Strike 0-1: Foul Ball, location: 2F 0-2: Foul Ball, location: 2F 0-2: Ball 1-2: Foul Ball, location: 2F 1-2: Ground out 6-3 (Groundball, 6)
|
Pinch Hitting: RHB Ben Daniel
|
0-0: Ball 1-0: Swinging Strike 1-1: Called Strike 1-2: Ball 2-2: Ball 3-2: Fly out, F2 (Popup, 2R)
|
Bottom of the 9th over - 0 run(s), 1 hit(s), 0 error(s), 2 left on base; Port Royal 2 - Hamilton 1 |
|